 Dungeon Crawl Stone Soup version 0.30-a0-377-g5cb311bc9f (webtiles) character file.

Game seed: 15837793075456659556

161 qeuew the Trooper (level 5, 0/42 HPs)
             Began as a Demonspawn Chaos Knight on Nov 29, 2022.
             Was a Plaything of Xom.
             Slain by a harpy (shapeshifter) (2 damage)
             ... on level 4 of the Dungeon.
             The game lasted 00:03:29 (2681 turns).

qeuew the Trooper (Demonspawn Chaos Knight)         Turns: 2681, Time: 00:03:29

Health: 0/42       AC:  6    Str: 11 (14) XL:     5   Next: 19%
Magic:  5/5        EV: 11    Int: 14      God:    Xom [...*..]
Gold:   279        SH:  0    Dex: 12      Spells: 4/4 levels left

rFire   . . .      SeeInvis +    a - +0 hand axe (chaos)
rCold   . . .      Faith    .    (no shield)
rNeg    . . .      Spirit   .    b - +3 leather armour
rPois   .          Reflect  .    (helmet restricted)
rElec   .          Harm     .    (no cloak)
rCorr   .          Rampage  .    (no gloves)
Will    .....                    (no boots)
Stlth   +.........               (no amulet)
HPRegen 0.27/turn                (no ring)
MPRegen 0.09/turn                (no ring)

@: no status effects
A: horns 1, demonic guardian 1, spiny 1, see invisible, MP-powered wands
a: Renounce Religion


You were on level 4 of the Dungeon.
You worshipped Xom.
You were a favourite toy of Xom.
You visited 1 branch of the dungeon, and saw 4 of its levels.

You collected 279 gold pieces.

Inventory:

Hand Weapons
 a - a +0 hand axe of chaos (weapon)
Armour
 b - a +3 leather armour (worn)
Scrolls
 e - a scroll of fear
 g - a scroll of amnesia
Miscellaneous
 c - a piece from Xom's chessboard (15/15) (quivered)


   Skills:
 + Level 3.7 Fighting
 + Level 3.3 Axes
 + Level 2.6 Armour
 + Level 2.2 Dodging
 + Level 1.9 Evocations


You had 4 spell levels left.
You didn't know any spells.
Your spell library was empty.

Dungeon Overview and Level Annotations

Branches:
Dungeon (4/15)
 Temple: D:4-7

Altars:
Fedhas
Xom

Shops:
D:3 (


Innate Abilities, Weirdness & Mutations

You have a pair of small horns on your head.
A weak demonic guardian rushes to your aid.
You are partially covered in sharp spines.
You have supernaturally acute eyesight. (SInv)
You expend magic power (3 MP) to strengthen your wands.


Message History

Your headbutt misses the shapeshifter.
The shapeshifter changes into a harpy!
You completely miss the harpy. Your headbutt misses the harpy.
The harpy closely misses you. The harpy claws you!
A demonic guardian appears!
You hit the harpy.
The harpy seems to slow down.
The harpy is lightly wounded.
The harpy is struck by your spines. The harpy closely misses you.
The harpy barely misses you.
Your ufetubus hits the harpy. x2
You completely miss the harpy. Your headbutt misses the harpy.
The harpy is moderately wounded.
The harpy barely misses you. The harpy claws you.
Your ufetubus hits the harpy.
Your ufetubus barely misses the harpy.
The harpy claws you. x2; Your ufetubus misses the harpy.
Your ufetubus closely misses the harpy.
The harpy claws you. The harpy claws you!
* * * LOW HITPOINT WARNING * * *
Your ufetubus closely misses the harpy.
Your ufetubus hits the harpy but does no damage.
You are too injured to fight recklessly!
You are too injured to fight recklessly!
A harpy is nearby!
A harpy is nearby!
Unknown command.
You hit the harpy. You burn the harpy.
The harpy is severely wounded.
The harpy closely misses you. The harpy claws you!
* * * LOW HITPOINT WARNING * * *
Your ufetubus hits the harpy.
Your ufetubus barely misses the harpy.
The harpy completely misses your ufetubus.
The harpy barely misses your ufetubus.
You aren't carrying any potions.
You closely miss the harpy.
You headbutt the harpy, but do no damage.
The harpy is severely wounded.
Your ufetubus barely misses the harpy.
Your ufetubus hits the harpy but does no damage.
The harpy claws you.
* * * LOW HITPOINT WARNING * * *
The harpy claws you.
You die...
Xom laughs nastily!

... #... ....
#+#########....
...............
...............
...............
...............
.....
........H......
..... ####..@5#
..... +..'....#
..... #..#....#
..... #. #....#
..... #....# .....
#....# .....
###....#
#+##########....###
...........#....#


You could see a harpy shaped shifter (slow, ally target) and a friendly ufetubus
(summoned).

Vanquished Creatures
  A howler monkey (D:4)
  Robin (D:2)
  3 adders
  2 worms (D:2)
  A dart slug (D:2)
  8 ball pythons
  3 bats
  3 endoplasms
  4 giant cockroaches
  13 goblins
  8 hobgoblins
  7 jackals (D:2)
  3 quokkas
  5 frilled lizards
  3 kobolds
  8 rats
73 creatures vanquished.

Vanquished Creatures (others)
  A jackal (D:2)
1 creature vanquished.

Grand Total: 74 creatures vanquished

Notes
Turn   | Place    | Note
-------+----------+-------------------------------------------
     0 | D:1      | qeuew the Demonspawn Chaos Knight began the quest for the
                  | Orb.
     0 | D:1      | Reached XP level 1. HP: 18/18 MP: 1/1
    68 | D:1      | XOM: smoke on damage
    72 | D:1      | Reached skill level 1 in Dodging
   157 | D:1      | Gained mutation: You have a pair of small horns on your
                  | head. [demonic ancestry]
   157 | D:1      | Reached XP level 2. HP: 23/24 MP: 2/2
   450 | D:1      | Found a faded altar of an unknown god.
   610 | D:2      | Reached skill level 1 in Evocations
   636 | D:2      | XOM: silly message
   661 | D:2      | Reached XP level 3. HP: 25/29 MP: 3/3
   792 | D:2      | XOM: silly message
   837 | D:2      | Found a blossoming altar of Fedhas.
   854 | D:2      | Noticed Robin
   857 | D:2      | XOM: potion effect (haste)
   868 | D:2      | Killed Robin
   884 | D:2      | XOM: polymorph adder -> giant cockroach
   886 | D:2      | Gained mutation: A weak demonic guardian rushes to your
                  | aid. [demonic ancestry]
   886 | D:2      | Reached XP level 4. HP: 5/35 MP: 4/4
  1244 | D:3      | Found Hamune Asyd's Antique Weapon Shop.
  1477 | D:3      | XOM: 3-stop teleportation journey
  1576 | D:2      | XOM: give mutations
  1576 | D:2      | Gained mutation: You have supernaturally acute eyesight.
                  | (SInv) [Xom's grace]
  1576 | D:2      | Gained mutation: You expend magic power (3 MP) to
                  | strengthen your wands. [Xom's grace]
  1679 | D:2      | XOM: scenery: 1 doors open, 1 doors close
  1760 | D:2      | XOM: scenery: create altars
  1845 | D:2      | Noticed Jessica
  1845 | D:2      | Jessica changed into Jessica the jackal
  1845 | D:2      | Noticed Jessica
  1845 | D:2      | XOM: polymorph Jessica -> Jessica the jackal
  1849 | D:2      | Killed Jessica the jackal
  1900 | D:2      | XOM: scenery: create altars
  2073 | D:3      | XOM: scenery: 1 doors open
  2464 | D:3      | XOM: scenery: summon butterflies
  2574 | D:4      | XOM: 3-stop teleportation journey
  2575 | D:4      | Gained mutation: You are partially covered in sharp spines.
                  | [demonic ancestry]
  2575 | D:4      | Reached XP level 5. HP: 40/42 MP: 5/5
  2605 | D:4      | XOM: silly message
  2670 | D:4      | XOM: scenery: 2 doors open, 1 doors close
  2675 | D:4      | a hound changed into a shapeshifter
  2675 | D:4      | Noticed a shapeshifter (shapeshifter)
  2675 | D:4      | a shapeshifter changed into a harpy
  2675 | D:4      | Noticed a harpy (shapeshifter)
  2681 | D:4      | HP: 2/42 [harpy (shapeshifter) (1)]
  2681 | D:4      | Slain by a harpy (shapeshifter)

Illustrated notes

Levels and vault maps discovered:
D:1:      dpeg_arrival_tiny_i, layout_basic, ebering_ecumenical_altar_webs,
          chequers_serial_rivers_small_b, hangedman_glass_teeth,
          minmay_misc_feat_x, columned_hall_lemuel
D:2:      minmay_chambers_of_ones, layout_basic, basic_altar,
          chequers_serial_rivers_micro_b, uniq_jessica, uniq_robin
D:3:      layout_basic, serial_shops, nicolae_square_shop
D:4:      layout_gridville, uniq_eustachio

Skill      XL: |  1  2  3  4 |
---------------+-------------+-----
Dodging        | 1 2 |  2.2
Armour         | 2 |  2.6
Evocations     | 1 |  1.9
Axes           | 3 |  3.3
Fighting       | |  3.7

Action                   |  1- 3 |  4- 6 || total
-------------------------+-------+-------++-------
Melee: Hand axe          |    80 |   101 ||   181
       Headbutt          |     9 |    11 ||    20
       Punch             |       |     3 ||     3
  Use: Scroll            |     5 |     4 ||     9
       Potion            |     1 |     3 ||     4
 Stab: Paralysed         |     1 |       ||     1
       Distracted        |       |     1 ||     1
Armor: Leather armour    |    30 |    57 ||    87
Dodge: Dodged            |    43 |    56 ||    99

Table legend: (Time is in decaauts)
 A = Elapsed time spent in this place.
 B = Non-inter-level travel time spent in this place.
 C = Inter-level travel time spent in this place.
 D = Time resting spent in this place.
 E = Time spent auto-exploring this place.
 F = Levels seen in this place.
 G = Mean time per level.
                   A        B        C        D        E       F      G
               +--------+--------+--------+--------+--------+-----+--------+
         Total |   2689 |   2530 |    159 |      0 |   2057 |   4 |  672.2 |
       Dungeon |   2689 |   2530 |    159 |      0 |   2057 |   4 |  672.2 |
               +--------+--------+--------+--------+--------+-----+--------+

Top non-repeatable levels by time:
     D:2: 1170 daAuts
     D:3: 842 daAuts
     D:1: 514 daAuts
     D:4: 162 daAuts
